 Dungeon Crawl Stone Soup version 0.29-a0-775-g4d7333d4e2 (webtiles) character file.

Game seed: 13492424542198580997

63 Zdeegee the Insei (level 4, 0/28 HPs)
             Began as an Octopode Transmuter on July 1, 2022.
             Slain by an orc
             ... wielding a +0 club
              (2 damage)
             ... on level 3 of the Dungeon.
             The game lasted 00:04:37 (2990 turns).

Zdeegee the Insei (Octopode Transmuter)             Turns: 2990, Time: 00:04:38

Health: 0/28       AC:  1    Str:  9    XL:     4   Next: 10%
Magic:  2/7        EV: 13    Int: 17    God:
Gold:   124        SH:  0    Dex: 12    Spells: 2/8 levels left

rFire   . . .      SeeInvis .     - Unarmed
rCold   . . .      Faith    .   (no shield)
rNeg    . . .      Spirit   .   (helmet currently unavailable)
rPois   .          Reflect  .   (no amulet)
rElec   .          Harm     .   (no ring)
rCorr   .          Rampage  .   (no ring)
Will    .....                   (no ring)
Stlth   ++........              (no ring)
HPRegen 0.09/turn               (no ring)
MPRegen 0.10/turn               (no ring)
                                (no ring)
                                (no ring)

@: appendages (expiring), wereblooded
A: tentacle spike 3, almost no armour, amphibious, 8 rings, camouflage 1,
gelatinous body 1, (nimble swimmer 1), tentacles
a: End Transformation


You were on level 3 of the Dungeon.
One of your tentacles had grown a beastly spike.
You visited 1 branch of the dungeon, and saw 3 of its levels.

You collected 124 gold pieces.

Inventory:

Scrolls
 e - 2 scrolls of enchant armour {unknown}
 h - 2 scrolls of identify {unknown}
 j - a scroll of magic mapping {unknown}
 k - a scroll of acquirement {unknown}
 l - a scroll of teleportation {unknown}
Potions
 a - a potion of lignification
 b - 2 potions of might {unknown}
 c - a potion of invisibility {unknown}
 d - a potion of heal wounds {unknown}
 f - a potion of ambrosia {unknown}
 g - 2 potions of curing {unknown}
 i - a potion of brilliance {unknown}


   Skills:
 * Level 1.3 Fighting
 * Level 2.4 Dodging
 + Level 0.6 Stealth
 + Level 3.2 Unarmed Combat
 * Level 2.6 Spellcasting
 * Level 2.5 Transmutations
 * Level 0.4 Poison Magic
 * Level 1.0 Evocations


You had 2 spell levels left.
You knew the following spells:

 Your Spells              Type           Power      Damage    Failure   Level
a - Beastly Appendage     Tmut           20%        N/A       6%          1
b - Wereblood             Tmut           10%        N/A       10%         2
c - Spider Form           Tmut/Pois      7%         N/A       30%         3

Your spell library contained the following spells:

 Spells                   Type           Power      Damage    Failure   Level
 Magic Dart               Conj           8%         1d3       19%         1
 Call Imp                 Summ           2%         N/A       28%         2
 Mephitic Cloud           Conj/Pois/Air  2%         N/A       45%         3
 Ice Form                 Ice/Tmut       6%         N/A       71%         4


Dungeon Overview and Level Annotations

Branches:
Dungeon (3/15)

Altars:


Innate Abilities, Weirdness & Mutations

One of your tentacles has grown a beastly spike.
You cannot wear most types of armour.
You are amphibious.
You can wear up to eight rings at the same time.
Your skin changes colour to match your surroundings (Stealth+).
Your rubbery body absorbs attacks. (AC +1, EV +1)
((You are camouflaged when in or above water. (Stealth+)))
You have tentacles for arms and can constrict up to eight enemies at once.


Message History

HP restored.
g - 2 golden potions (gained 1)
An orc comes into view.
It is wielding a +0 dagger. 2 orcs come into view.
Found a scroll labelled ADUMOZ FYSTROCK.
Casting: Spider Form (extremely dangerous; 30% risk of failure)
Confirm with . or Enter, or press ? or * to list all spells.
Your blood is infused with primal strength.
Casting: Wereblood (safe; 10% risk of failure)
Confirm with . or Enter, or press ? or * to list all spells.
One of your tentacles grows a vicious spike.
Casting: Beastly Appendage (safe; 6% risk of failure)
Confirm with . or Enter, or press ? or * to list all spells.
You miscast Spider Form.
You are very lightly contaminated with residual magic.
You feel odd!
You are poisoned.
You feel sick.
An orc and an orc priest come into view.
You feel sick.
The orc shouts!
The orc shouts!
The orc priest shouts!
You tentacle-slap the orc. Your grab misses the orc.
You pierce the orc.
Your squeeze misses the orc.
The orc is severely wounded.
You feel sick.
An orc comes into view. It is wielding a +0 war axe.
The orc closely misses you. The orc attacks as you move away!
The orc closely misses you.
You feel sick.
You feel sick.
You are no longer poisoned.
The orc attacks as you move away! The orc hits you with a +0 club.
The orc attacks as you move away! The orc hits you with a +0 club.
* * * LOW HITPOINT WARNING * * *
Your magical contamination has completely faded away.
Your transformation is almost over.
The orc attacks as you move away! The orc hits you with a +0 club.
* * * LOW HITPOINT WARNING * * *
The orc attacks as you move away! The orc hits you with a +0 club.
You die...

......oo..............
.......#####.......... .....##
#.o........ #... #.......... #..
#.......... ..........#
#.......... ..........#
##.######## #........# #o#
#........# #@# ####### #........#
#.##########...... #........#
#...............##
.###........###############.#....
..........................#.#..#.
.#####.######.....##..#..........
............+.........#...#.#....
#######.#####.....###.#####.#.#.#
.................................


You could see 2 orcs.

Vanquished Creatures
  An adder (D:2)
  A worm (D:2)
  8 endoplasms
  3 giant cockroaches
  5 goblins
  4 hobgoblins (D:1)
  3 jackals (D:1)
  6 kobolds
  A quokka (D:2)
  4 ball pythons
  6 bats
  A frilled lizard (D:3)
  2 rats
45 creatures vanquished.

Notes
Turn   | Place    | Note
-------+----------+-------------------------------------------
     0 | D:1      | Zdeegee the Octopode Transmuter began the quest for the
                  | Orb.
     0 | D:1      | Reached XP level 1. HP: 13/13 MP: 3/3
   114 | D:1      | Reached XP level 2. HP: 13/18 MP: 3/5
   915 | D:1      | Reached XP level 3. HP: 21/23 MP: 3/6
  1357 | D:2      | Found a faded altar of an unknown god.
  1372 | D:2      | Learned a level 2 spell: Wereblood
  1376 | D:2      | Learned a level 3 spell: Spider Form
  2371 | D:2      | Reached XP level 4. HP: 28/28 MP: 3/7
  2663 | D:3      | Reached skill level 1 in Evocations
  2990 | D:3      | Slain by an orc

Illustrated notes

Levels and vault maps discovered:
D:1:      giann_forest_graveyard, layout_basic
D:2:      layout_basic, hellmonk_ecumenical_altar_leap_of_faith,
          nicolae_figureground_sparkle
D:3:      layout_basic, kennysheep_generic_room_9

Skill      XL: |  1  2  3  4 |
---------------+-------------+-----
Evocations     | 1 |  1.0
Fighting       | |  1.3
Dodging        | |  2.4
Stealth        | |  0.6
Unarmed Combat | |  3.2
Spellcasting   | |  2.6
Transmutations | |  2.5
Poison Magic   | |  0.4

Action                   |  1- 3 |  4- 6 || total
-------------------------+-------+-------++-------
Melee: Unarmed           |    91 |    13 ||   104
       Kick              |    14 |     3 ||    17
       Constrict         |    20 |     2 ||    22
       Tentacles         |    14 |     2 ||    16
       Punch             |     4 |       ||     4
 Cast: Beastly Appendage |    22 |     4 ||    26
       Wereblood         |    10 |     4 ||    14
       Spider Form       |     2 |     1 ||     3
 Stab: Sleeping          |    11 |     1 ||    12
Armor: Skin              |    11 |       ||    11
Dodge: Dodged            |    72 |    16 ||    88

Table legend: (Time is in decaauts)
 A = Elapsed time spent in this place.
 B = Non-inter-level travel time spent in this place.
 C = Inter-level travel time spent in this place.
 D = Time resting spent in this place.
 E = Time spent auto-exploring this place.
 F = Levels seen in this place.
 G = Mean time per level.
                   A        B        C        D        E       F      G
               +--------+--------+--------+--------+--------+-----+--------+
         Total |   2983 |   2936 |     47 |    208 |   2350 |   3 |  994.3 |
       Dungeon |   2983 |   2936 |     47 |    208 |   2350 |   3 |  994.3 |
               +--------+--------+--------+--------+--------+-----+--------+

Top non-repeatable levels by time:
     D:2: 1420 daAuts
     D:1: 1224 daAuts
     D:3: 337 daAuts
